 Dungeon Crawl Stone Soup version 0.28.0-53-g5a82cb258f (webtiles) character file.

Game seed: 6091065199951410896

829 worthlessgem the Changer (level 7, -1/33 HPs)
             Began as a Felid Transmuter on Aug 22, 2022.
             Was a Priest of Elyvilon.
             Slain by an orc warrior
             ... wielding a +0 glaive
              (20 damage)
             ... on level 6 of the Dungeon.
             The game lasted 00:29:25 (8724 turns).

worthlessgem the Changer (Felid Transmuter)         Turns: 8724, Time: 00:29:26

Health: -1/33      AC:  6    Str:  8    XL:     7   Next: 65%
Magic:  12/14      EV: 20    Int: 20    God:    Elyvilon [***...]
Gold:   159        SH:  0    Dex: 22    Spells: 4/14 levels left
                                        Lives:  0   Deaths: 2

rFire   . . .      SeeInvis +     - Unarmed
rCold   . . .      Faith    .   (shield unavailable)
rNeg    . . .      Spirit   .   (armour unavailable)
rPois   x          Reflect  .   (helmet unavailable)
rElec   .          Harm     .   (cloak unavailable)
rCorr   .          Rampage  .   (gloves unavailable)
Will    +....                   (boots unavailable)
Stlth   +++.......              (no amulet)
HPRegen 0.11/turn               a - +4 ring of protection
MPRegen 0.14/turn               e - +6 ring of intelligence

@: spider-form (expiring)
A: venomous fangs, tiny, (claws 1), (fangs 3), see invisible, (speed 1), (shaggy
fur 2), (stealthy paws), no weapons or thrown items, no armour, multi-lived
a: End Transformation, Renounce Religion, Purification, Heal Other, Heal Self


You were on level 6 of the Dungeon.
You worshipped Elyvilon.
Elyvilon was most pleased with you.
You were a venomous arachnid creature.
You visited 2 branches of the dungeon, and saw 8 of its levels.

You collected 185 gold pieces.
You spent 26 gold pieces at shops.

Inventory:

Missiles
 d - 191 stones
Jewellery
 a - a +4 ring of protection (left front leg)
 e - a +6 ring of intelligence (right front leg)
 k - a ring of wizardry
 n - a ring of positive energy
Scrolls
 b - 2 scrolls of noise
 c - a scroll of teleportation
 f - 5 scrolls of identify
 h - 2 scrolls of vulnerability
 o - a scroll of blinking
Potions
 g - 2 potions of degeneration
 i - a potion of flight
 j - a potion of haste
 l - a potion of lignification
 m - a potion of brilliance {unknown}


   Skills:
 + Level 4.5 Fighting
 - Level 2.6 Dodging
 * Level 2.4 Stealth
 + Level 5.1 Unarmed Combat
 - Level 4.0 Spellcasting
 + Level 6.8 Transmutations
 - Level 3.0 Ice Magic
 - Level 3.0 Poison Magic
 + Level 0.0 Invocations


You had 4 spell levels left.
You knew the following spells:

 Your Spells              Type           Power      Damage    Failure   Level
a - Beastly Appendage     Tmut           62%        N/A       4%          1
b - Wereblood             Tmut           31%        N/A       5%          2
c - Spider Form           Tmut/Pois      23%        N/A       14%         3
d - Ice Form              Ice/Tmut       23%        N/A       36%         4

Your spell library contained the following spells:

 Spells                   Type           Power      Damage    Failure   Level


Dungeon Overview and Level Annotations

Branches:
Dungeon (7/15)             Temple (1/1) D:6

Altars:
Ashenzari
Cheibriados
Dithmenos
Elyvilon
Fedhas
Gozag
Hepliaklqana
Kikubaaqudgha
Makhleb
Nemelex Xobeh
Qazlal
Ru
Sif Muna
Trog
Uskayaw
Vehumet
Wu Jian
Yredelemnul
Zin
The Shining One

Shops:
D:3 *

Annotations:
D:5 exclusion: water moccasin
D:6 Dowan; Menkaure; Urakste's ghost, novice MiBe
D:7 Joseph; Pikel


Innate Abilities, Weirdness & Mutations

You are a venomous arachnid creature.
You have poisonous fangs.
You are tiny and dextrous.
Your spellcasting is less reliable in this form.
((You have sharp claws.))
((You have razor-sharp teeth.))
You have supernaturally acute eyesight. (SInv)
((You cover ground quickly. (Speed+)))
((You are covered in thick fur. (AC +2)))
((Your paws help you pounce on unaware monsters.))
You are incapable of wielding weapons or throwing items.
You cannot wear armour.
You gain extra lives every three experience levels.


Message History

Found a stone staircase leading up.
There is a stone staircase leading up here.
The orc warrior throws a stone.
The stone misses you.
Casting: Spider Form (dangerous; 4% risk of failure)
Confirm with . or Enter, or press ? or * to list all spells.
Okay, then.
There is a stone staircase leading up here.
You start waiting.
An orc warrior is nearby!
Casting: Spider Form (dangerous; 4% risk of failure)
Confirm with . or Enter, or press ? or * to list all spells.
You turn into a venomous arachnid creature.
The orc warrior misses you.
You hit the orc warrior but do no damage.
The orc warrior is poisoned.
The orc warrior is moderately wounded.
The orc warrior misses you.
You hit the orc warrior but do no damage.
The orc warrior is moderately wounded.
The orc warrior closely misses you.
You hit the orc warrior but do no damage.
The orc warrior looks as sick as possible!
The orc warrior is moderately wounded.
The orc warrior closely misses you.
You barely miss the orc warrior.
The orc warrior is moderately wounded.
Your transformation is almost over.
The orc warrior hits you with a +0 glaive!
You hit the orc warrior but do no damage.
The orc warrior looks as sick as possible!
The orc warrior is heavily wounded.
You hit the orc warrior but do no damage.
The orc warrior is heavily wounded.
The orc warrior misses you.
You hit the orc warrior.
The orc warrior looks as sick as possible!
The orc warrior is severely wounded.
The orc warrior hits you with a +0 glaive!!
Ouch! That really hurt!
You die...

.o..+.........'...............<..
.####.........#.........########.
.# ##.......##.###.###.# #. .#
##.....###.# #.##..# #. ##
##...## #<# #...#.# #. # ##+##
#.# ####..# #. # #.# #.# #..# #.
#########.# #o######..# #.
.......##.## #.s....(..# #.
######.#...## ########.## #.
#......# #.# #. ##.#...########
#.# ## #.............####.#
##.##########......# ### ########


You could see an orc warrior (extremely poisoned).

Vanquished Creatures
  Grinder (D:4)
  Duvessa (D:6)
  A necrophage (D:5)
  3 ogres
  2 centaurs (D:6)
  A phantom (D:5)
  2 scorpions
  2 hounds
  2 jellies
  2 orc priests
  4 iguanas
  An orc wizard (D:3)
  A hound skeleton (D:4)
  Robin (D:4)
  7 gnolls
  6 adders
  A white imp (D:6)
  An ufetubus (D:3)
  3 adder skeletons (D:4)
  An adder zombie (D:5)
  3 worms
  7 orcs
  10 ball pythons
  4 bats
  9 endoplasms
  A giant cockroach (D:1)
  16 goblins
  8 hobgoblins
  6 quokkas
  3 frilled lizards
  5 kobolds
  7 rats
122 creatures vanquished.

Notes
Turn   | Place    | Note
-------+----------+-------------------------------------------
     0 | D:1      | worthlessgem the Felid Transmuter began the quest for the
                  | Orb.
     0 | D:1      | Reached XP level 1. HP: 9/9 MP: 4/4
   315 | D:1      | Reached XP level 2. HP: 12/12 MP: 4/6
   367 | D:1      | Learned a level 2 spell: Wereblood
  1190 | D:1      | Reached XP level 3. HP: 15/15 MP: 6/8
  1345 | D:1      | Learned a level 3 spell: Spider Form
  1672 | D:2      | Found a white marble altar of Elyvilon.
  1692 | D:2      | Became a worshipper of Elyvilon the Healer
  1962 | D:2      | Reached XP level 4. HP: 12/19 MP: 4/10
  1973 | D:2      | Reached skill level 3 in Transmutations
  2616 | D:3      | Found Icsiu's General Store.
  2636 | D:3      | Reached skill level 4 in Transmutations
  2636 | D:3      | Reached XP level 5. HP: 4/22 MP: 9/12
  2995 | D:3      | Bought a scroll of noise for 13 gold pieces
  2995 | D:3      | Bought a potion of degeneration for 13 gold pieces
  3000 | D:3      | Reached * piety under Elyvilon
  3014 | D:3      | Found a glowing golden altar of the Shining One.
  3546 | D:3      | Reached skill level 5 in Transmutations
  3551 | D:3      | Learned a level 4 spell: Ice Form
  3735 | D:4      | Noticed an ogre
  3785 | D:4      | Noticed an ogre
  3799 | D:4      | HP: 1/22 [hound skeleton (3)]
  3810 | D:4      | Killed an ogre
  3811 | D:4      | Gained mutation: You are covered in thick fur. (AC +2)
                  | [Felid growth]
  3811 | D:4      | Reached XP level 6. HP: 2/25 MP: 8/13
  4127 | D:3      | Reached skill level 1 in Ice Magic
  4255 | D:4      | Noticed Grinder
  4317 | D:3      | Reached skill level 1 in Poison Magic
  4381 | D:5      | Entered Level 5 of the Dungeon
  4512 | D:5      | Reached ** piety under Elyvilon
  4549 | D:5      | Found a stormy altar of Qazlal.
  4549 | D:5      | Found an ornate altar of the Wu Jian Council.
  4603 | D:5      | Noticed a water moccasin
  4779 | D:5      | Found a shimmering blue altar of Sif Muna.
  4781 | D:5      | Found a shadowy altar of Dithmenos.
  4956 | D:5      | Reached XP level 7. HP: 30/30 MP: 9/14
  5773 | D:6      | Noticed Duvessa
  5780 | D:6      | Noticed Dowan
  5791 | D:6      | Killed Duvessa
  5798 | D:6      | Killed from afar by Dowan
  5799 | D:6      | Reached XP level 6. HP: -22/27 MP: 12/13
  6154 | D:6      | Reached skill level 6 in Transmutations
  6154 | D:6      | Reached XP level 7. HP: 31/31 MP: 11/14
  6497 | D:6      | Noticed Urakste's ghost (novice MiBe)
  6517 | D:6      | Reached *** piety under Elyvilon
  6517 | D:6      | Noticed Menkaure
  6527 | D:7      | Noticed Pikel
  6580 | D:7      | Noticed Joseph
  7005 | D:4      | Paralysed by Grinder for 2 turns
  7242 | D:4      | Paralysed by Grinder for 3 turns
  7244 | D:4      | Killed from afar by Grinder
  7245 | D:4      | Reached XP level 6. HP: 0/28 MP: 10/13
  7253 | D:4      | Killed Grinder
  7254 | D:4      | Reached XP level 7. HP: 32/32 MP: 14/14
  7261 | D:4      | Found a broken altar of Ashenzari.
  7272 | D:4      | Noticed Robin
  7332 | D:4      | Killed Robin
  7775 | D:4      | Reached skill level 1 in Stealth
  7775 | D:4      | Reached skill level 5 in Unarmed Combat
  7885 | D:6      | Found a staircase to the Ecumenical Temple.
  7921 | D:6      | Elyvilon protects you from harm!
  7952 | D:6      | HP: 1/33 [centaur (3)]
  7953 | D:6      | Elyvilon protects you from harm!
  8258 | Temple   | Entered the Ecumenical Temple
  8724 | D:6      | Slain by an orc warrior

Illustrated notes

Levels and vault maps discovered:
D:1:      wander_arrival_peaceful_grave, layout_loops_corners,
          chequers_serial_rivers_micro_b, chequers_hall_statues_wall_a
D:2:      layout_basic, basic_altar
D:3:      layout_basic, tso_oasis_becter, serial_shops, shop
D:4:      layout_rooms, general_overflow_altar, serial_rivers,
          chequers_serial_rivers_small_3, chequers_serial_rivers_micro_a,
          chequers_serial_rivers_room_b, chequers_serial_rivers_micro_c,
          uniq_robin, uniq_grinder
D:5:      layout_loops_corners, nicolae_overflow_hidden_temple,
          eino_small_chamber_without_monster
D:6:      layout_loops_corners, minmay_temple_entry_waves, gammafunk_ghost_icy,
          due_unseen_surprise, uniq_duvessa, uniq_menkaure
D:7:      layout_layer_cave, okawaru_ov_weapons_minmay, uniq_pikel, uniq_joseph
Temple:   dshaligram_water_room_temple

Skill      XL: |  1  2  3  4  5  6  7 |
---------------+----------------------+-----
Spellcasting   | 3 4 |  4.0
Transmutations | 4 5 6 |  6.8
Ice Magic      | 3 2 |  3.0
Poison Magic   | 3 2 |  3.0
Fighting       | 4 |  4.5
Unarmed Combat | 5 |  5.1
Stealth        | 2 |  2.4
Dodging        | |  2.6

Action                   |  1- 3 |  4- 6 |  7- 9 || total
-------------------------+-------+-------+-------++-------
Melee: Unarmed           |    69 |   141 |   163 ||   373
       Headbutt          |    13 |    18 |    17 ||    48
       Bite              |     9 |    10 |    10 ||    29
       Punch             |     3 |     1 |     5 ||     9
 Cast: Beastly Appendage |    24 |    18 |     9 ||    51
       Spider Form       |     3 |     9 |    16 ||    28
       Wereblood         |       |       |     1 ||     1
  Use: Potion            |       |     3 |     2 ||     5
       Scroll            |       |     1 |     4 ||     5
 Stab: Sleeping          |     3 |     2 |       ||     5
Armor: Skin              |     3 |    34 |    38 ||    75
Dodge: Dodged            |    52 |   106 |   152 ||   310
